 Dungeon Crawl Stone Soup version 0.18-a0-987-g0b0e4e7 (webtiles) character file.

8338 graki42 the Blocker (level 11, -16/95 HPs)
             Began as a Minotaur Fighter on Jan 3, 2016.
             Demolished by a hill giant
             ... wielding a +0 giant spiked club
              (23 damage)
             ... on level 10 of the Dungeon.
             The game lasted 00:31:49 (7571 turns).

graki42 the Blocker (Minotaur Fighter)              Turns: 7571, Time: 00:31:49

Health: -16/95     AC: 18    Str: 23    XL:     11   Next: 8%
Magic:  11/11      EV:  8    Int:  5    God:    Xom [*.....]
Gold:   677        SH: 20    Dex: 11    Spells: 0 memorised, 10 levels left

rFire  . . .     SeeInvis .     a - +0 flail
rCold  . . .     Gourm    .     B - +0 chain mail
rNeg   . . .     Faith    .     c - +1 shield
rPois  .         Spirit   .     (helmet restricted)
rElec  .         Dismiss  .     t - +0 cloak
rCorr  .         Reflect  +     v - +0 pair of gloves
SustAt .         Harm     .     D - +2 pair of boots {run}
MR     .....     Rnd*Rage +     y - +6 amulet of reflection
Stlth  ..........               (no ring)
                                (no ring)

@: quick, not resistant to hostile enchantments, extremely unstealthy
A: retaliatory headbutt, horns 2, berserk 1, high mp 1, sense surroundings 1
a: Renounce Religion


You were on level 10 of the Dungeon.
You worshipped Xom.
You were a special plaything of Xom.
You were not hungry.

You visited 2 branches of the dungeon, and saw 11 of its levels.

You collected 677 gold pieces.

Inventory:

Hand Weapons
 a - a +0 flail (weapon)
Missiles
 x - 2 throwing nets (quivered)
Armour
 c - a +1 shield (worn)
 t - a +0 cloak (worn)
 v - a +0 pair of gloves (worn)
 B - a +0 chain mail (worn)
 D - a +2 pair of boots of running (worn)
Jewellery
 y - a +6 amulet of reflection (around neck)
 G - a +3 ring of intelligence
 H - an uncursed ring of flight {unknown}
 I - the amulet "Udouten" {+Rage Dex+3, unknown}
   (You found it on level 9 of the Dungeon)

   [amulet of rage]

   It affects your dexterity (+3).
   It lets you go berserk.
 J - a cursed ring of teleportation {unknown}
Wands
 d - a wand of polymorph (4/24)
 s - a wand of cold (8/15)
 E - a wand of fire (0/15)
 M - a wand of random effects (25/48)
Scrolls
 b - 3 scrolls of blinking {unknown}
 e - 3 scrolls of teleportation
 g - a scroll of immolation {unknown}
 h - 14 scrolls of identify
 j - 4 scrolls of enchant armour
 k - a scroll of fog {unknown}
 l - a scroll of magic mapping
 n - a scroll of noise {unknown}
 p - 2 scrolls of amnesia {unknown}
 w - 6 scrolls of remove curse
 N - a scroll of enchant weapon {unknown}
Potions
 m - 5 potions of curing
 r - a potion of heal wounds
 u - 4 potions of flight
 z - a potion of resistance
 C - 2 potions of magic
Comestibles
 f - 6 bread rations
 i - a beef jerky
 o - 3 meat rations
 q - 3 slices of pizza
 A - 5 fruits
 F - a chunk of flesh


   Skills:
 + Level 8.5 Fighting
 + Level 9.7 Maces & Flails
 + Level 10.2 Armour
 - Level 1.4 Dodging
 - Level 0.3 Stealth
 + Level 13.4 Shields
 + Level 0.1 Evocations


You had 10 spell levels left.
You didn't know any spells.

Dungeon Overview and Level Annotations

Branches:
Dungeon (10/15)            Temple (1/1) D:5
   Lair: D:8-11         Orc: D:9-12

Altars:
Ashenzari
Cheibriados
Dithmenos
Elyvilon
Fedhas
Gozag
Kikubaaqudgha
Makhleb
Nemelex Xobeh
Okawaru
Pakellas
Qazlal
Ru
Sif Muna
Trog
Vehumet
Xom
Yredelemnul
Zin
The Shining One


Innate Abilities, Weirdness & Mutations

You reflexively headbutt those who attack you in melee.
You have a pair of horns on your head.
You tend to lose your temper in combat.
You have an increased reservoir of magic (+10% MP).
You passively map a small area around you.


Message History

You hit the hill giant.
The hill giant is lightly wounded.
The hill giant barely misses you.
You sock the hill giant! You headbutt the hill giant!
The hill giant is heavily wounded.
You barely miss the hill giant.
The hill giant is heavily wounded.
The hill giant hits you with a giant spiked club!!!
* * * LOW HITPOINT WARNING * * *
You hit the hill giant.
You headbutt the hill giant, but do no damage.
The hill giant is heavily wounded.
You block the hill giant's attack.
You hit the hill giant.
The hill giant is heavily wounded.
You hit the hill giant.
The hill giant is heavily wounded.
The hill giant hits you with a giant spiked club!!
You die...
Xom thinks this is hilarious!

.##O##.#####.####..........#
...o...# #.####.##.##.##.####
.##T##.# #.##......##.......#
##.##.# #.##.#.##....##.##.#
.......# #.##.#.##.##.##.##.#
##...### #......##.##.##.##.###
#...# ####.#...............#
#...####### ##.###########.###.#
#.........# #..@...#######.# #..
##...#####.# #.C###.#.....#.# #.#
...........###..###.#...[.#.....#
..........................#######
.........>.##....##.#.....# ###.
.#...#.###.##.......#.....# #...
.#.........##.#..########## #.#.
.#...#.######.#..##......# #.#.
.#...#.# #.......##.####.# #.#.


You could see a hill giant.

Vanquished Creatures
  Snorg (D:10)
  A hill giant (D:10)
  An unseen horror (D:9)
  Pikel (D:6)
  Joseph (D:9)
  Psyche (D:9)
  A komodo dragon (D:7)
  A troll (D:9)
  A wyvern (D:8)
  7 yaks (D:10)
  Grum (D:8)
  4 wolves (D:8)
  A water moccasin (D:7)
  2 orc warriors
  2 sky beasts (D:7)
  4 slaves (D:6)
  2 phantoms
  A necrophage (D:5)
  An ogre (D:8)
  A big kobold (D:9)
  7 giant frogs
  A wyvern skeleton (D:7)
  5 scorpions
  A killer bee (D:7)
  5 crimson imps
  2 giant frog zombies
  2 orc priests (D:7)
  5 hounds
  A giant frog skeleton (D:8)
  2 iguanas
  5 orc wizards
  7 worker ants
  A killer bee zombie (D:7)
  A hound skeleton (D:7)
  14 adders
  3 river rats (D:10)
  2 shadow imps (D:7)
  3 oozes (D:3)
  3 adder skeletons
  2 worms
  7 giant geckos
  26 orcs
  5 giant cockroaches
  8 goblins
  6 hobgoblins
  9 jackals
  7 quokkas
  3 ball pythons
  10 bats
  A giant gecko skeleton (D:4)
  A giant gecko zombie (D:7)
  8 giant newts
  A jackal skeleton (D:5)
  A jackal zombie (D:7)
  11 kobolds
  2 quokka skeletons
  23 rats
236 creatures vanquished.

Vanquished Creatures (collateral kills)
  A hill giant (D:10)
  A hound (D:9)
  A killer bee zombie (D:9)
  A giant gecko skeleton (D:8)
4 creatures vanquished.

Vanquished Creatures (others)
  A centaur (D:7)
  A kobold (D:9)
  A fungus (D:10)
3 creatures vanquished.

Grand Total: 243 creatures vanquished

Notes
Turn   | Place    | Note
--------------------------------------------------------------
     0 | D:1      | graki42 the Minotaur Fighter began the quest for the Orb.
     0 | D:1      | Reached XP level 1. HP: 19/19 MP: 0/0
   111 | D:1      | Reached XP level 2. HP: 25/27 MP: 1/1
   206 | D:1      | Reached skill level 4 in Fighting
   654 | D:2      | Found a sacrificial altar of Ru.
   668 | D:2      | Reached XP level 3. HP: 17/33 MP: 2/2
  1370 | D:3      | Reached XP level 4. HP: 36/40 MP: 3/3
  1489 | D:3      | Reached skill level 1 in Dodging
  1698 | D:3      | Reached XP level 5. HP: 43/46 MP: 4/4
  1774 | D:3      | Found a glowing silver altar of Zin.
  1774 | D:3      | Found a glowing golden altar of the Shining One.
  1775 | D:3      | Found a white marble altar of Elyvilon.
  1844 | D:4      | Reached skill level 5 in Shields
  1902 | D:4      | Found a shattered altar of Ashenzari.
  1977 | D:4      | Found a white marble altar of Elyvilon.
  2262 | D:4      | Noticed a phantom
  2269 | D:4      | Killed a phantom
  2269 | D:4      | Reached XP level 6. HP: 41/53 MP: 5/5
  2594 | D:5      | Entered Level 5 of the Dungeon
  2608 | D:5      | Found a staircase to the Ecumenical Temple.
  2617 | Temple   | Entered the Ecumenical Temple
  2743 | Temple   | Became a worshipper of Xom of Chaos
  2872 | D:5      | XOM: confuse monster(s)
  2891 | D:5      | Reached skill level 5 in Armour
  2917 | D:5      | Found an opulent altar of Gozag.
  2921 | D:5      | Found a bloodstained altar of Trog.
  2992 | D:5      | XOM: harmless Summ miscast
  3029 | D:5      | Found a basalt altar of Yredelemnul.
  3187 | D:5      | XOM: divination: detect creatures
  3300 | D:5      | XOM: harmless Necr miscast
  3331 | D:5      | Reached skill level 5 in Maces & Flails
  3331 | D:5      | Reached skill level 6 in Shields
  3331 | D:5      | Reached XP level 7. HP: 56/60 MP: 6/6
  3371 | D:6      | Found a snail-covered altar of Cheibriados.
  3436 | D:6      | Reached skill level 5 in Fighting
  3616 | D:6      | Noticed Pikel
  3632 | D:6      | Killed Pikel
  3632 | D:6      | Reached skill level 7 in Shields
  3632 | D:6      | Reached XP level 8. HP: 47/70 MP: 7/7
  3668 | D:6      | Gained mutation: You have an increased reservoir of magic (+10% MP). [potion of mutation]
  3668 | D:6      | Gained mutation: You are partially covered in thin metallic scales (AC +2). [potion of mutation]
  3668 | D:6      | Gained mutation: Scrolls take you a little longer to read. [potion of mutation]
  3703 | D:6      | XOM: harmless Ice miscast
  3782 | D:6      | XOM: mild Erth miscast
  3945 | D:6      | XOM: harmless Summ miscast
  4094 | D:6      | XOM: harmless Pois miscast
  4185 | D:7      | XOM: divination: detect items
  4280 | D:7      | XOM: silly message
  4292 | D:7      | Reached skill level 8 in Shields
  4359 | D:7      | XOM: mild Conj miscast
  4400 | D:7      | Reached skill level 9 in Shields
  4400 | D:7      | XOM: scenery: create altars
  4459 | D:7      | XOM: summons friendly ufetubus
  4479 | D:7      | Gained mutation: Your spells are a little harder to cast, but a little more powerful. [mutagenic meat]
  4481 | D:7      | Gained mutation: You are agile. (Dex +2) [mutagenic meat]
  4482 | D:7      | Gained mutation: You passively map a small area around you. [mutagenic meat]
  4499 | D:7      | Found a deep blue altar of Sif Muna.
  4599 | D:7      | Found an oddly glowing altar of Pakellas.
  4723 | D:7      | XOM: 10-stop teleportation journey
  4729 | D:7      | Reached XP level 9. HP: 78/78 MP: 8/8
  4872 | D:7      | Noticed a komodo dragon
  4884 | D:7      | Killed a komodo dragon
  4884 | D:7      | Reached skill level 10 in Shields
  4937 | D:7      | Identified a +2 pair of boots of running (You found it on level 7 of the Dungeon)
  4995 | D:7      | XOM: colour smoke trail
  5083 | D:7      | XOM: god gift: stone of tremors
  5276 | D:8      | XOM: confuse monster(s)
  5294 | D:8      | Noticed Grum
  5294 | D:8      | XOM: cast spell 'Call Canine Familiar'
  5298 | D:8      | XOM: smoke on damage
  5300 | D:8      | Reached skill level 11 in Shields
  5365 | D:8      | Killed Grum
  5632 | D:9      | Found a burning altar of Makhleb.
  5749 | D:9      | Reached XP level 10. HP: 73/88 MP: 10/10
  5867 | D:9      | Got a fine copper amulet
  5882 | D:9      | XOM: colour smoke trail
  5949 | D:9      | XOM: confuse monster(s)
  5983 | D:9      | XOM: summons friendly white imp
  6176 | D:9      | Noticed Psyche
  6188 | D:9      | Killed Psyche
  6259 | D:9      | Killed an unseen horror
  6259 | D:9      | Reached skill level 12 in Shields
  6387 | D:9      | XOM: divination: detect creatures
  6456 | D:9      | Noticed Joseph
  6471 | D:9      | Killed Joseph
  6706 | D:10     | XOM: stealth player
  6706 | D:10     | Entered Level 10 of the Dungeon
  6896 | D:10     | XOM: potion effect (berserk rage)
  6905 | D:10     | XOM: summons friendly ufetubus
  7038 | D:10     | Noticed a hill giant
  7040 | D:10     | XOM: summons 2 friendly demons
  7050 | D:10     | Killed a hill giant
  7050 | D:10     | Reached skill level 13 in Shields
  7076 | D:10     | XOM: medium Necr miscast
  7129 | D:10     | XOM: severe Tloc miscast
  7170 | D:10     | Gained mutation: You are weak. (Str -2) [mutagenic glow]
  7171 | D:10     | Lost mutation: You are partially covered in thin metallic scales (AC +2). [potion of cure mutation]
  7171 | D:10     | Lost mutation: You are agile. (Dex +2) [potion of cure mutation]
  7171 | D:10     | Lost mutation: Your spells are a little harder to cast, but a little more powerful. [potion of cure mutation]
  7171 | D:10     | Lost mutation: Scrolls take you a little longer to read. [potion of cure mutation]
  7171 | D:10     | Lost mutation: You are weak. (Str -2) [potion of cure mutation]
  7209 | D:10     | Noticed a hill giant
  7219 | D:10     | Gained mutation: You tend to lose your temper in combat. [mutagenic glow]
  7225 | D:10     | Killed a hill giant
  7225 | D:10     | Reached skill level 10 in Armour
  7265 | D:10     | Noticed Snorg
  7270 | D:10     | Noticed a hill giant
  7525 | D:10     | XOM: noise
  7532 | D:10     | XOM: swap monsters
  7536 | D:10     | XOM: noise
  7548 | D:10     | Killed Snorg
  7548 | D:10     | Reached XP level 11. HP: 61/95 MP: 11/11
  7565 | D:10     | XOM: enchant monster (bad)
  7571 | D:10     | Demolished by a hill giant

Vault maps used:
D:1:      onia_arrival_handbag, st_stairs_11
D:2:      nicolae_ru_sacrificial_ziggurat, first_bread
D:3:      good_gods_mini_temple
D:4:      kennysheep_mini_moat, lemuel_altar_in_water2
D:5:      kennysheep_mini, grunt_temple_overflow_open,
          minmay_temple_entry_statues_fountains
D:6:      cheibriados_altar_1, uniq_pikel
D:7:      kennysheep_windowed_halls, led_sif_book, grunt_pakellas_mercury
D:8:      uniq_grum
D:9:      nicolae_overflow_crystal_walls, uniq_joseph, uniq_psyche
D:10:     grunt_lair_entry_orc_guard_hut, uniq_nergalle, uniq_snorg
Temple:   jpeg_temple_alley_garden_8

Action                   |  1- 3 |  4- 6 |  7- 9 | 10-12 || total
-------------------------+-------+-------+-------+-------++-------
Melee: Flail             |   114 |   136 |   339 |   234 ||   823
       Unarmed           |       |       |    13 |       ||    13
Throw: Throwing net      |       |       |       |     1 ||     1
Evoke: Wand              |       |       |       |     2 ||     2
  Use: Potion            |       |     1 |     3 |     4 ||     8
       Scroll            |       |    10 |     4 |     3 ||    17
 Stab: Confused          |       |       |       |     2 ||     2
       Distracted        |       |       |       |     1 ||     1
  Eat: Chunk             |     2 |     4 |    13 |     6 ||    25
       Beef jerky        |       |       |     1 |       ||     1
